 Dungeon Crawl Stone Soup version 0.23-a0-358-g98c7a59 (webtiles) character file.

142 namelastname112 the Skirmisher (level 5, -3/46 HPs)
             Began as a Draconian Wanderer on Oct 22, 2018.
             Slain by an ogre zombie
             ... wielding a +0 giant spiked club of venom
              (23 damage)
             ... on level 4 of the Dungeon.
             The game lasted 00:04:42 (2708 turns).

namelastname112 the Skirmisher (Draconian Wanderer) Turns: 2708, Time: 00:04:43

Health: -3/46      AC:  6    Str: 13    XL:     5   Next: 3%
Magic:  5/5        EV: 13    Int: 13    God:
Gold:   147        SH:  0    Dex: 12    Spells: 4/4 levels left

rFire    . . .     SeeInvis .   t - +2 quarterstaff (chaos)
rCold    . . .     Gourm    .   (shield currently unavailable)
rNeg     . . .     Faith    .   (armour unavailable)
rPois    .         Spirit   .   (helmet restricted)
rElec    .         Reflect  .   r - +0 cloak
rCorr    .         Harm     .   (no gloves)
MR       .....                  (no boots)
Stlth    ++........             (no amulet)
HPRegen  0.15/turn              (no ring)
MPRegen  0.09/turn              (no ring)

@: lethally poisoned (-3 -> -6)
A: unfitting armour, cold-blooded, AC +5
a: no special abilities


You were on level 4 of the Dungeon.
You were very hungry.

You visited 1 branch of the dungeon, and saw 4 of its levels.

You collected 147 gold pieces.

Inventory:

Hand Weapons
 b - a +0 spear
 t - a +2 quarterstaff of chaos (weapon)
Missiles
 a - 2 throwing nets
 l - 4 javelins of returning (quivered)
 u - 10 javelins
Armour
 r - a +0 cloak (worn)
 s - a scarf of resistance
Wands
 q - a wand of flame (27)
Scrolls
 d - a scroll of fear {unknown}
 e - a scroll of noise {unknown}
 g - 2 scrolls of amnesia {unknown}
 h - 2 scrolls of identify {unknown}
 j - a scroll of enchant weapon {unknown}
 k - a scroll of random uselessness {unknown}
 v - a scroll of magic mapping {unknown}
 w - 2 scrolls of teleportation {unknown}
Potions
 i - 2 potions of berserk rage {unknown}
 m - a potion of brilliance {unknown}
 n - 2 potions of haste {unknown}
 o - a potion of cancellation {unknown}
 p - 2 potions of agility {unknown}
 x - a potion of degeneration {unknown}
 z - a potion of might
 B - a potion of resistance
Comestibles
 f - 5 rations
 A - 5 chunks of flesh


   Skills:
 + Level 3.9 Fighting
 - Level 2.0(2.1) Polearms
 * Level 1.1(1.7) Staves
 + Level 1.3 Throwing
 + Level 3.8 Dodging
 - Level 2.6 Stealth


You had 4 spell levels left.
You didn't know any spells.
Your spell library contained the following spells:

 Spells                   Type           Power        Failure   Level  Hunger
 Confusing Touch          Hex            #.....       30%         1    ##.....
 Confuse                  Hex            #.......     67%         3    ####...
 Gell's Gravitas          Tloc           #.........   67%         3    ####...
 Petrify                  Tmut/Erth      #.......     97%         4    #####..
 Metabolic Englaciation   Hex/Ice        #.........   100%        5    ######.
 Yara's Violent Unravell  Hex/Tmut       #.........   100%        5    ######.


Dungeon Overview and Level Annotations

Branches:
Dungeon (4/15)
 Temple: D:4-7

Altars:
Cheibriados
Fedhas
Zin

Annotations:
D:4 1 transporter


Innate Abilities, Weirdness & Mutations

Your plain brown scales are hard. (AC +5)
You cannot fit into any form of body armour.
You are cold-blooded and may be slowed by cold attacks.


Message History

The orc warrior zombie is lightly damaged.
You feel sick.
The orc warrior zombie hits you with a +4 short sword of venom.
You take 3 damage, and have 20/46 hp.
You barely miss the orc warrior zombie.
The orc warrior zombie is lightly damaged.
You feel sick.
The orc warrior zombie closely misses you.
The ogre zombie barely misses you.
You take 1 damage, and have 19/46 hp.
You hit the ogre zombie.
Space warps horribly around the ogre zombie!
The ogre zombie is severely damaged.
You are feeling very hungry.
The orc warrior zombie barely misses you.
You hit the ogre zombie.
The ogre zombie is severely damaged.
The ogre zombie hits you with a +0 giant spiked club of venom!!
Ouch! That really hurt!
You die...

#o.......
##........
##........ .......#
##.o...#
###########
#.§§?©)§§§#
#§§§$@$§§§#
#§§..ZZ§§§#
#§§§§§§.§§#
#§.§§§§§§§#
####§§§#### #.#
#§§...§§# ##..###
#§§#.#§§#
##.....####§§...§§#
#.........#.§#©#.§#


You could see an orc wizard (sleeping), an orc, an orc warrior zombie and an
ogre zombie.

Vanquished Creatures
  Crazy Yiuf (D:2)
  2 adders
  4 worms
  4 dart slugs
  3 leopard geckos
  2 orcs (D:3)
  3 giant cockroaches
  12 goblins
  7 hobgoblins
  6 jackals
  2 quokkas (D:2)
  A ball python (D:1)
  5 bats
  5 frilled lizards
  4 kobolds
  10 rats
71 creatures vanquished.

Notes
Turn   | Place    | Note
-------+----------+-------------------------------------------
     0 | D:1      | namelastname112 the Draconian Wanderer began the quest for
                  | the Orb.
     0 | D:1      | namelastname112 set off with: 2 throwing nets, a +0 spear,
                  | a potion of curing, a +0 dagger, a ration
     0 | D:1      | Reached XP level 1. HP: 17/17 MP: 1/1
    80 | D:1      | Reached XP level 2. HP: 19/25 MP: 2/2
   286 | D:1      | Reached XP level 3. HP: 31/31 MP: 3/3
   768 | D:2      | Found a snail-covered altar of Cheibriados.
  1186 | D:2      | Found a runed door.
  1190 | D:2      | Noticed Crazy Yiuf
  1202 | D:2      | Killed Crazy Yiuf
  1202 | D:2      | Reached skill level 1 in Throwing
  1202 | D:2      | Reached XP level 4. HP: 21/40 MP: 4/4
  1989 | D:3      | Found a blossoming altar of Fedhas.
  2197 | D:3      | Reached skill level 1 in Staves
  2300 | D:3      | Found a glowing silver altar of Zin.
  2460 | D:3      | Reached XP level 5. HP: 46/46 MP: 5/5
  2648 | D:4      | Found a transporter.
  2694 | D:4      | Found a transporter.
  2708 | D:4      | Slain by an ogre zombie

Vault maps used:
D:1:      roderic_dead_forest
D:2:      lemuel_crystal_altar, uniq_crazy_yiuf_cottage
D:3:      kb_forest_paths, lemuel_round_altar, overflow_temple_1_default,
          kennysheep_pointless_box
D:4:      gammafunk_cloud_chamber, minmay_fountain_box,
          cheibrodos_ashenzari_chains

Skill      XL: |  1  2  3  4 |
---------------+-------------+-----
Dodging        | 3 |  3.8
Fighting       | 3 |  3.9
Throwing       | 1 |  1.3
Staves         | 1 |  1.1
Polearms       | |  2.0
Stealth        | |  2.6

Action                   |  1- 3 |  4- 6 || total
-------------------------+-------+-------++-------
Melee: Spear             |   177 |       ||   177
       Tailslap          |    20 |     7 ||    27
       Quarterstaff      |       |    79 ||    79
  Use: Potion            |       |     2 ||     2
 Stab: Sleeping          |    10 |     2 ||    12
       Invisible         |     1 |       ||     1
  Eat: Chunk             |     1 |     4 ||     5
Armor: Skin              |    36 |    21 ||    57
Dodge: Dodged            |    79 |    57 ||   136

Table legend:
 A = Non-vault XP
 B = Vault XP
 C = Vault XP percentage of total XP
 D = Non-vault monster count
 E = Vault monster count
 F = Vault count percentage of total count
                 A         B        C        D         E       F
            +---------+---------+-------+---------+---------+-------
      Total |     147 |      56 |  27.6 |      64 |       7 |   9.9
            +---------+---------+-------+---------+---------+-------
        D:1 |      65 |       0 |   0.0 |      35 |       0 |   0.0
        D:2 |      30 |      42 |  58.3 |       8 |       1 |  11.1
        D:3 |      48 |      14 |  22.6 |      19 |       6 |  24.0
        D:4 |       4 |       0 |   0.0 |       2 |       0 |   0.0
            +---------+---------+-------+---------+---------+-------
